 Dungeon Crawl Stone Soup version 0.29-a0-356-g7bc237e783 (webtiles) character file.

Game seed: 3288386634000372383

450368 HendSelp the Formicid Barricade (level 23, -30/154 (206) HPs)
             Began as a Formicid Fighter on Apr 26, 2022.
             Was the Champion of Ru.
             Killed from afar by Mara (illusionary) (47 damage)
             ... with a bolt of fire
             ... on level 2 of the Depths.
             The game lasted 01:48:07 (71342 turns).

HendSelp the Formicid Barricade (Formicid Fighter) Turns: 71342, Time: 01:48:08

HP:   -30/154 (206) AC: 43    Str: 31    XL:     23   Next: 48%
MP:   26/32         EV:  7    Int:  9    God:    Ru [******]
Gold: 5811          SH: 29    Dex: 13    Spells: 22/22 levels left

rFire   . . .      SeeInvis +   T - +8 demon trident "Rift" {distort, reach+}
rCold   . . .      Faith    .   c - +0 tower shield
rNeg    + . .      Spirit   .   D - +8 crystal plate armour
rPois   +          Reflect  +   (helmet unavailable)
rElec   .          Harm     .   K - +0 cloak {rF+}
rCorr   +          Rampage  .   L - +0 pair of fencer's gloves {Riposte Dex+3}
Will    +++..                   m - +3 pair of boots of Brilliance {rCorr}
Stlth   ..........              s - amulet of reflection
HPRegen 0.00/turn               X - ring of Surprise {rN+ Will+ MP+9}
MPRegen 0.23/turn               f - ring of Yrchaduq {rPois rC+}

@: exhausted, sick, studying Throwing, very heavily drained
A: permanent stasis, dig shafts and tunnels, antennae 3, hated by all, no
conjurations magic, no hexes magic, no poison magic, inexperienced 1,
temperature sensitive, four strong arms
}: 2/15 runes: serpentine, barnacled
a: Dig, Shaft Self, Renounce Religion, Draw Out Power, Power Leap, Apocalypse


You were on level 2 of the Depths.
You worshipped Ru.
Ru was exalted by your worship.
You visited 10 branches of the dungeon, and saw 44 of its levels.
You visited the Abyss 1 time.
You also visited: Bailey, Gauntlet, Ice Cave and Volcano.

You collected 6323 gold pieces.
You spent 512 gold pieces at shops.

Inventory:

Hand Weapons
 F - a +9 great mace of freezing
 O - the +9 morningstar "Fobriblieju" {vorpal, *Noise rN+ rCorr Dex+2}
   (You took it off an orc warrior on level 15 of the Dungeon)

   It inflicts extra damage upon your enemies.
   Dex:       It affects your dexterity (+2).
   rN:        It protects you from negative energy.
   *Noise:    It may make noises in combat.
   rCorr:     It protects you from acid and corrosion.
 T - the +8 demon trident "Rift" (weapon) {distort, reach+}
   (You took it off a deep elf zephyrmancer on level 3 of the Elven Halls)

   It warps and distorts space around it, and may blink, banish, or inflict
   extra damage upon those it strikes.
   Unwielding it can cause banishment or high damage.
   It can reach especially far, and its reaching attacks ignore other creatures
   in the way.
 W - the +7 great mace "Undeadhunter" {disrupt, rN+}
   (You took it off a deep elf zephyrmancer on level 3 of the Elven Halls)

   It inflicts significantly more damage against the undead.
   rN:        It protects you from negative energy.
Missiles
 I - a throwing net
Armour
 c - a +0 tower shield (worn)
 m - the +3 pair of boots of Brilliance (worn) {rCorr}
   (You found it on level 1 of the Vaults)

   rCorr:     It protects you from acid and corrosion.
 D - a +8 crystal plate armour (worn)
 K - a +0 cloak of fire resistance (worn)
 L - the +0 pair of fencer's gloves (worn) {Riposte Dex+3}
   (You found it on level 3 of the Shoals)

   It allows the wearer to riposte with melee weapons, swiftly retaliating
   against missed attacks.
   Dex:       It affects your dexterity (+3).
 P - the +2 cloak of the Thief {*Fog Slay-2 SInv Stlth+}
   (You found it on level 15 of the Dungeon)

   It may release a thick cloud of smoke when the wearer is hurt.
   Slay:      It affects your accuracy & damage with ranged weapons and melee
   (-2).
   SInv:      It lets you see invisible.
   Stlth:     It makes you more stealthy.
Jewellery
 f - the ring of Yrchaduq (right hand) {rPois rC+}
   (You found it on level 11 of the Dungeon)

   [ring of poison resistance]

   rC:        It protects you from cold.
   rPois:     It protects you from poison.
 k - the ring "Cekliati" {rC+ rCorr}
   (You found it in an ice cave)

   [ring of protection from cold]

   rC:        It protects you from cold.
   rCorr:     It protects you from acid and corrosion.
 s - an amulet of reflection (around neck)
 z - a +6 ring of strength
 N - a +6 ring of strength
 Q - the ring of Impatience {rF+ rCorr EV+4 Int-4}
   (You took it off an orc priest on level 15 of the Dungeon)

   [ring of evasion]

   EV:        It affects your evasion (+4).
   Int:       It affects your intelligence (-4).
   rF:        It protects you from fire.
   rCorr:     It protects you from acid and corrosion.
 X - the ring of Surprise (left hand) {rN+ Will+ MP+9}
   (You found it on level 3 of the Vaults)

   [ring of magical power]

   rN:        It protects you from negative energy.
   MP:        It affects your magic capacity (+9).
   Will:      It increases your willpower.
Wands
 e - a wand of mindburst (21)
 l - a wand of flame (88)
 p - a wand of acid (17)
 r - a wand of paralysis (15)
 u - a wand of iceblast (33)
 w - a wand of polymorph (18)
 y - a wand of digging (17)
Scrolls
 d - a scroll of enchant weapon
 j - 33 scrolls of identify
 t - 6 scrolls of immolation
 A - 13 scrolls of fog
 E - 5 scrolls of fear
 H - 4 scrolls of amnesia
 M - 6 scrolls of magic mapping
 R - 5 scrolls of silence
Potions
 a - 2 potions of resistance
 b - 9 potions of mutation
 g - 5 potions of cancellation
 h - 2 potions of heal wounds
 i - 7 potions of magic
 o - 3 potions of flight
 q - 13 potions of curing
 v - 5 potions of lignification
 x - 2 potions of ambrosia
 B - 6 potions of attraction
 C - 3 potions of brilliance
 J - 2 potions of invisibility


   Skills:
 + Level 23.1 Fighting
 + Level 23.3 Maces & Flails
 + Level 2.4 Polearms
 + Level 20.0 Armour
 O Level 27 Shields


You had 22 spell levels left.
You didn't know any spells.
Your spell library contained the following spells:

 Spells                   Type           Power      Damage    Failure   Level
 Apportation              Tloc           0%         N/A       98%         1
 Freeze                   Ice            0%         1d3       98%         1
 Pain                     Necr           0%         1d4       98%         1
 Corpse Rot               Necr/Air       0%         N/A       99%         2
 Passwall                 Tmut/Erth      0%         N/A       99%         2
 Scorch                   Fire           0%         2d5       99%         2
 Sublimation of Blood     Necr           0%         N/A       99%         2
 Frozen Ramparts          Ice            0%         1d2       100%        3
 Gell's Gravitas          Tloc           0%         N/A       100%        3
 Lesser Beckoning         Tloc           0%         N/A       100%        3
 Ozocubu's Armour         Ice            0%         N/A       100%        3
 Teleport Other           Tloc           0%         N/A       100%        3
 Vampiric Draining        Necr           0%         2d6       100%        3
 Dispel Undead            Necr           0%         3d6       100%        4
 Passage of Golubria      Tloc           0%         N/A       100%        4
 Petrify                  Tmut/Erth      0%         N/A       100%        4
 Agony                    Necr           0%         N/A       100%        5
 Borgnjor's Vile Clutch   Necr/Erth      0%         N/A       100%        5
 Lee's Rapid Deconstruct  Erth           0%         3d5*      100%        5
 Manifold Assault         Tloc           0%         N/A       100%        5
 Statue Form              Tmut/Erth      0%         N/A       100%        6
 Dragon Form              Tmut           0%         N/A       100%        7
 Ozocubu's Refrigeration  Ice            0%         4d5       100%        7
 Storm Form               Tmut/Air       0%         N/A       100%        7
 Disjunction              Tloc           0%         N/A       100%        8
 Ignition                 Fire           0%         3d3       100%        8
 Maxwell's Capacitive Co  Air            0%         ∞         100%        8
 Shatter                  Erth           0%         3d5*      100%        9
 Animate Skeleton         Necr           Unusable   N/A       N/A         1
 Slow                     Hex            Unusable   N/A       N/A         1
 Blink                    Tloc           Unusable   N/A       N/A         2
 Ensorcelled Hibernation  Hex/Ice        Unusable   N/A       N/A         2
 Confusing Touch          Hex            Unusable   N/A       N/A         3
 Dazzling Flash           Conj/Hex       Unusable   N/A       N/A         3
 Swiftness                Air            Unusable   N/A       N/A         3
 Tukima's Dance           Hex            Unusable   N/A       N/A         3
 Animate Dead             Necr           Unusable   N/A       N/A         4
 Cause Fear               Hex            Unusable   N/A       N/A         4
 Flame Wave               Conj/Fire      Unusable   2d4       N/A         4
 Fulminant Prism          Conj/Hex       Unusable   3d6       N/A         4
 Hailstorm                Conj/Ice       Unusable   3d3       N/A         4
 Iskenderun's Mystic Bla  Conj/Tloc      Unusable   2d3       N/A         4
 Olgreb's Toxic Radiance  Pois           Unusable   N/A       N/A         4
 Summon Lightning Spire   Summ/Air       Unusable   N/A       N/A         4
 Alistair's Intoxication  Tmut/Pois      Unusable   N/A       N/A         5
 Fireball                 Conj/Fire      Unusable   3d3       N/A         5
 Metabolic Englaciation   Hex/Ice        Unusable   N/A       N/A         5
 Silence                  Hex/Air        Unusable   N/A       N/A         5
 Yara's Violent Unravell  Hex/Tmut       Unusable   3d3       N/A         5
 Conjure Ball Lightning   Conj/Air       Unusable   3x3d6     N/A         6
 Death Channel            Necr           Unusable   N/A       N/A         6
 Eringya's Noxious Bog    Tmut/Pois      Unusable   N/A       N/A         6
 Summon Cactus Giant      Summ           Unusable   N/A       N/A         6
 Discord                  Hex            Unusable   N/A       N/A         8
 Dragon's Call            Summ           Unusable   N/A       N/A         9

Dungeon Overview and Level Annotations

Branches:
Dungeon (15/15)            Temple (1/1) D:4            Lair (6/6) D:10
 Shoals (4/4) Lair:4        Snake (4/4) Lair:2        Slime (0/5) Lair:6
    Orc (2/2) D:9             Elf (3/3) Orc:2        Vaults (4/5) D:13
  Crypt (3/3) Vaults:3       Tomb (0/3) Crypt:3      Depths (2/4) D:15
 Bailey (visited)           IceCv (visited)         Volcano (visited)
Gauntlet (visited)

Altars:
Ashenzari
Cheibriados
Dithmenos
Elyvilon
Fedhas
Gozag
Hepliaklqana
Kikubaaqudgha
Makhleb
Nemelex Xobeh
Okawaru
Qazlal
Ru
Sif Muna
Trog
Uskayaw
Vehumet
Wu Jian
Xom
Yredelemnul
Zin
The Shining One
Beogh
Jiyva
Lugonu

Shops:
D:4 =   D:9 [   D:11 (   Orc:2 :*?:   Shoals:2 (   Shoals:4 [   Snake:3 (

Portals:
Hell: Depths:1
Abyss: Lair:1 Lair:6
Pandemonium: Depths:1
Trove: D:15 (give 12 potions of heal wounds)

Annotations:
Vaults:4 1 runed translucent door, Bailed's ghost, veteran MiMo
Depths:2 Mara


Innate Abilities, Weirdness & Mutations

You cannot be hasted, slowed, berserked, paralysed or teleported.
You can dig through walls and to a lower floor.
You have a pair of large antennae on your head. (SInv)
You are hated by all.
You cannot study or cast Conjurations magic.
You cannot study or cast Hexes magic.
You cannot study or cast Poison magic.
You are somewhat inexperienced. (-2 XL)
You are sensitive to extremes of temperature. (rF-, rC-)
Your four strong arms can wield two-handed weapons with a shield.


Message History

Unknown command.
Unknown command.
Unknown command.
Unknown command.
You feel much better.
You block the thrashing horror's attack. x2
You block Mara's attack. Mara hits you but does no damage.
You partially resist. Mara hits you but does no damage. You partially resist.
HendSelp's illusion hits you but does no damage.
Unknown command.
You closely miss Mara.
You block the thrashing horror's attack. x2
Mara smirks. "I am one who seeks the Path and the Right."
Mara gestures at you.
The bolt of fire hits you but does no damage.
Mara begins to attack, but is stunned by your conviction!
Mara hits you but does no damage. You partially resist.
HendSelp's illusion hits you. Space warps around you.
* * * LOW HITPOINT WARNING * * *
You focus your inner power and illuminate HendSelp's illusion in retribution!
Unknown command.
You puncture Mara!
Mara is lightly wounded.
You block the sixfirhy's attack. x2
You redirect the sixfirhy's attack!
The sixfirhy hits something.
The sixfirhy shocks something.
Mara hits you but does no damage. You partially resist.
Mara hits you with a +3 demon trident of draining!
* * * LOW HITPOINT WARNING * * *
You partially resist.
You feel drained. Mara gestures at you. The bolt of fire hits you!!
* * * LOW HITPOINT WARNING * * *
HendSelp's illusion hits you but does no damage.
Space warps around you.
* * * LOW HITPOINT WARNING * * *
Mara blinks!
Mara gestures at you. The bolt of fire hits you!!!
You die...

#..###......)......#
###..#.........#####
#..####..##....#
###..#.####....#
..#..####..##.....#
..###..####.#....#.#
..#..####..#########
## ..###..#......#@R.#
..#
#.#..###.....##R@##..#
#.###..#....#.§##3.#
#.#..###.......#{..#
#.###..#############
#............
##..######.## ....# {
###.# ###.###


You could see 2 Maras, a sixfirhy (distracted) and HendSelp's illusion (corona).

Vanquished Creatures
  Frederick (Crypt:2)
  Saint Roka (Snake:3)
  Xtahua (Vaults:2)
  A profane servitor (Crypt:3)
  A bone dragon (Crypt:3)
  Jorgrun (D:12)
  A tentacled monstrosity (Vaults:3)
  The ghost of dolemite99 the Severer, an adept HOFi of Beogh (Vaults:1)
  Rupert (Lair:3)
  2 deep elf master archers (Elf:3)
  6 liches
  A deep elf blademaster (Elf:3)
  8 ancient champions
  2 tentacled starspawn (Abyss:4)
  Gastronok (Lair:3)
  Agnes (D:14)
  Kirke (D:13)
  6 sphinxes
  2 tengu reavers
  Roxanne (Shoals:1)
  5 revenants
  Ilsuiw (Shoals:4)
  8 nagarajas
  12 vault wardens
  Aizul (Snake:2)
  9 deep elf sorcerers
  A fire giant (Depths:1)
  3 curse skulls
  3 orc warlords
  5 deep elf elementalists (Elf:3)
  A quicksilver ooze (shapeshifter) (Vaults:3)
  18 ironbound preservers
  2 reapers (Crypt:2)
  10 ironbound thunderhulks
  8 very ugly things
  12 ghouls
  6 stone giants
  3 deep elf demonologists (Elf:3)
  8 vampire knights
  The ghost of Opripao the Severer, a journeyman MiFi of Qazlal (D:15)
  8 deep elf annihilators
  A lorocyproca (Depths:1)
  A minotaur (Gauntlet)
  14 dire elephants
  An entropy weaver (Vaults:2)
  An eidolon (Crypt:2)
  13 merfolk impalers
  9 deep elf death magi
  A fire dragon (Vaults:3)
  5 ettins
  6 merfolk javelineers (Shoals:4)
  13 yaktaur captains
  12 jiangshi
  6 deep elf high priests
  3 great orbs of eyes
  26 vault guards
  2 ogre magi
  3 rakshasas
  6 boulder beetles
  3 hydras
  6 ice dragons
  2 salamander tyrants
  3 merfolk avatars
  2 caustic shrike simulacra (IceCv)
  5 ironbound frosthearts
  8 anacondas
  3 merfolk aquamancers
  5 catoblepae
  26 dancing weapons
  11 centaur warriors
  16 two-headed ogres
  A satyr (Shoals:3)
  2 titan zombies
  17 naga warriors
  A death knight (D:14)
  The ghost of Jukk the Destroyer, a journeyman DECj of Vehumet (Lair:1)
  2 tengu warriors
  4 death yaks (Lair:4)
  2 deep troll shamans (Depths:2)
  A deep troll earth mage (Depths:2)
  13 naga sharpshooters
  7 vampire magi
  A sun demon (Depths:1)
  A hell knight (Vaults:3)
  7 thrashing horrors
  6 shock serpents
  3 soul eaters
  A titan skeleton (Abyss:4)
  14 deep elf knights
  An emperor scorpion zombie (Crypt:3)
  4 salamander mystics
  5 sixfirhies
  An iron troll (Depths:2)
  2 spatial maelstroms (Abyss:4)
  An entropy weaver zombie (Vaults:2)
  A bunyip zombie (Crypt:2)
  An orange crystal statue (Vaults:1)
  21 slime creatures
  24 skeletal warriors
  3 shadow wraiths
  4 flayed ghosts
  38 deep trolls
  A swamp dragon (Vaults:3)
  6 bog bodies
  9 sea snakes
  2 glowing orange brains
  8 naga ritualists
  23 harpies
  21 ironbound convokers
  10 phantasmal warriors
  5 wizards
  An obsidian statue (IceCv)
  12 deep elf archers
  6 necromancers
  13 orc knights
  2 anaconda skeletons
  17 deep elf zephyrmancers
  A golden dragon skeleton (Crypt:2)
  2 harpies (shapeshifter)
  25 deep elf pyromancers
  9 mana vipers
  16 manticores
  21 ugly things
  An orc sorcerer (D:15)
  A worldbinder (Abyss:4)
  7 cyclopes
  3 guardian serpents
  3 centaur zombies
  18 fauns
  13 salamanders
  A naga zombie (Crypt:3)
  14 merfolk sirens
  25 elephants
  An ice statue (Shoals:4)
  A dire elephant zombie (Crypt:1)
  6 smoke demons
  13 water nymphs
  2 elf zombies
  A frost giant skeleton (Vaults:2)
  14 vault sentinels
  18 naga magi
  34 black mambas
  An eye of devastation (shapeshifter) (Vaults:3)
  An eye of devastation (Vaults:3)
  An orange demon (Depths:1)
  2 rust devils
  6 gargoyles
  An unseen horror (D:12)
  2 torpor snails
  6 cane toads
  27 yaktaurs
  5 efreet
  A minotaur zombie (Crypt:3)
  12 komodo dragons
  A sea snake zombie (Crypt:3)
  An alligator snapping turtle skeleton (Crypt:2)
  A kobold demonologist (D:10)
  19 freezing wraiths
  A green draconian skeleton (Crypt:3)
  3 anaconda simulacra (IceCv)
  3 entropy weaver simulacra (IceCv)
  An ice devil (Depths:1)
  4 tengu conjurers
  A hellwing (Depths:1)
  5 ancient zymes
  3 red devils
  A queen bee (shapeshifter) (Elf:3)
  A golden dragon simulacrum (IceCv)
  2 meliai (D:14)
  6 trolls
  A silent spectre (Abyss:4)
  A guardian mummy (Crypt:3)
  2 polar bears (Lair:6)
  25 merfolk
  A death drake zombie (Crypt:2)
  4 harpy skeletons
  7 wind drakes
  Prince Ribbit (Bailey)
  9 snapping turtles
  A hornet (Lair:1)
  30 blink frogs
  A jumping spider zombie (Crypt:1)
  12 raiju
  19 dream sheep
  3 flying skulls (Volcano)
  A human simulacrum (Vaults:2)
  A meliai zombie (Crypt:3)
  An ettin skeleton (Vaults:2)
  A centaur simulacrum (D:15)
  A jumping spider (shapeshifter) (Lair:6)
  An air elemental (Elf:1)
  A ynoxinul (Lair:6)
  A spriggan (shapeshifter) (Lair:6)
  10 water elementals
  6 wyverns
  2 alligator skeletons (Volcano)
  2 dire elephant simulacra (IceCv)
  6 vampires
  A fire dragon skeleton (Crypt:3)
  2 hogs (shapeshifter)
  6 wraiths
  50 yaks
  2 spriggans
  10 basilisks
  15 humans
  6 fire elementals
  10 vampire mosquitoes
  A chaos spawn (Depths:1)
  4 hogs (D:13)
  A steam dragon (D:7)
  2 redbacks (Vaults:2)
  A two-headed ogre zombie (D:11)
  8 wargs
  2 minotaur simulacra (IceCv)
  47 nagas
  4 spatial vortices (Abyss:4)
  4 harpy simulacra
  A warg (shapeshifter) (Lair:6)
  8 large abominations
  Edmund (D:5)
  A hydra simulacrum (IceCv)
  A naga (shapeshifter) (D:13)
  A cane toad zombie (Crypt:1)
  14 water moccasins
  An acid dragon (D:11)
  31 orc warriors
  2 sky beasts
  2 alligator simulacra (IceCv)
  An elephant zombie (Crypt:2)
  An ice beast (D:5)
  4 ettin simulacra (IceCv)
  A manticore zombie (Crypt:1)
  20 ogres
  5 black bears
  14 wolves
  20 centaurs
  An elephant skeleton (Crypt:2)
  A boggart (Vaults:1)
  3 kobold brigands
  A rime drake skeleton (Crypt:1)
  A necrophage (Crypt:1)
  19 bullfrogs
  A deep troll simulacrum (IceCv)
  A gnoll sergeant (D:11)
  4 scorpions
  2 earth elementals
  6 wights (D:9)
  5 killer bees (D:11)
  4 lindwurm simulacra (IceCv)
  A troll skeleton (Volcano)
  3 howler monkeys
  3 spriggan skeletons
  5 electric eels
  7 crimson imps
  A bullfrog zombie (Crypt:1)
  2 hounds
  2 jellies (D:5)
  23 orc priests
  A gnoll shaman (D:9)
  4 iguanas
  Ijyb (D:4)
  24 orc wizards
  A statue (D:6)
  13 small abominations
  An acid dragon zombie (Crypt:2)
  An ogre zombie (D:11)
  3 naga skeletons
  10 mummies (Crypt:3)
  11 gnolls
  5 adders
  2 shadow imps
  A swamp drake skeleton (Crypt:1)
  3 white imps
  An ufetubus (D:7)
  A worm (D:4)
  5 dart slugs
  96 orcs
  6 bats
  7 endoplasms
  5 giant cockroaches
  5 goblins
  6 hobgoblins
  7 jackals
  14 kobolds
  5 quokkas
  6 ball pythons
  A ball python skeleton (Crypt:2)
  2 frilled lizards (D:3)
  A goblin zombie (Crypt:1)
  A kobold skeleton (Crypt:1)
  2 rats
  2 lurking horrors (Abyss:4)
  A tentacle (Shoals:3)
1879 creatures vanquished.

Vanquished Creatures (others)
  A kraken (Shoals:3)
  A nagaraja (Snake:2)
  A vault warden (Vaults:2)
  2 deep elf sorcerers (Elf:3)
  A dire elephant (Vaults:3)
  A deep elf annihilator (Elf:3)
  An ettin (Depths:1)
  A fire dragon (Depths:1)
  2 deep elf death magi (Elf:3)
  A yaktaur captain (Vaults:3)
  An ice dragon (Depths:1)
  An ogre mage (D:15)
  A centaur warrior (Vaults:3)
  A dancing weapon (Elf:2)
  A naga warrior (Snake:2)
  A two-headed ogre (D:15)
  A death yak (Lair:4)
  Sonja (Orc:1)
  A sea snake (Shoals:4)
  3 harpies
  A bog body (IceCv)
  A deep elf archer (Elf:2)
  A wizard (Vaults:3)
  A deep elf pyromancer (Elf:2)
  A deep elf zephyrmancer (Elf:2)
  A salamander (Snake:1)
  A manticore (D:15)
  An elephant (Lair:4)
  A naga mage (D:15)
  A cane toad (Lair:5)
  A yaktaur (Vaults:4)
  A freezing wraith (IceCv)
  A rime drake (Lair:6)
  2 merfolk
  A meliai (D:14)
  A blink frog (Lair:6)
  A dream sheep (Lair:2)
  2 water elementals
  A wraith (Crypt:2)
  A naga (Lair:2)
  A harpy simulacrum (IceCv)
  A hydra simulacrum (IceCv)
  3 orc warriors (Orc:2)
  An ettin simulacrum (IceCv)
  2 centaurs (Orc:2)
  2 small abominations (Abyss:4)
  An orc wizard (D:15)
  A naga skeleton (Volcano)
  2 mummies (Crypt:3)
  4 orcs
  2 kobolds
  21 fungi
  A lurking horror (Abyss:4)
  86 plants
  5 starspawn tentacles (Abyss:4)
  15 tentacles (Shoals:3)
194 creatures vanquished.

Grand Total: 2073 creatures vanquished

Notes
Turn   | Place    | Note
-------+----------+-------------------------------------------
     0 | D:1      | HendSelp the Formicid Fighter began the quest for the Orb.
     0 | D:1      | Reached XP level 1. HP: 18/18 MP: 1/1
    97 | D:1      | Reached XP level 2. HP: 13/24 MP: 2/2
   929 | D:1      | Reached XP level 3. HP: 29/29 MP: 3/3
   985 | D:2      | Reached skill level 4 in Shields
  1391 | D:2      | Found a faded altar of an unknown god.
  1405 | D:2      | Reached XP level 4. HP: 33/37 MP: 4/4
  1784 | D:3      | Reached XP level 5. HP: 21/42 MP: 5/5
  1816 | D:3      | Found a basalt altar of Yredelemnul.
  2016 | D:3      | Found a broken altar of Ashenzari.
  2073 | D:3      | Reached XP level 6. HP: 22/48 MP: 6/6
  2404 | D:4      | Found Pihent Pate's Jewellery Boutique.
  2614 | D:4      | Found a staircase to the Ecumenical Temple.
  2622 | Temple   | Entered the Ecumenical Temple
  2800 | Temple   | Became a worshipper of Ru the Awakened
  2827 | D:4      | Noticed Ijyb
  2839 | D:4      | Killed Ijyb
  3071 | D:4      | Reached XP level 7. HP: 27/51 MP: 7/7
  3089 | D:4      | Reached skill level 5 in Maces & Flails
  3091 | D:4      | Reached skill level 5 in Shields
  3425 | D:4      | Reached skill level 5 in Armour
  3621 | D:4      | Identified the +12 mace "Worm" {freeze, Will+}
  3626 | D:4      | Found an iron altar of Okawaru.
  3915 | D:5      | Entered Level 5 of the Dungeon
  4049 | D:5      | Reached XP level 8. HP: 57/61 MP: 8/8
  4165 | D:5      | Found a stormy altar of Qazlal.
  4167 | D:5      | Noticed an air elemental
  4168 | D:5      | Noticed a water elemental
  4168 | D:5      | Noticed a fire elemental
  4388 | D:5      | Reached skill level 6 in Shields
  4429 | D:5      | Reached skill level 5 in Fighting
  4700 | D:5      | Gained mutation: You cannot study or cast Poison magic. [Ru
                  | sacrifice]
  4700 | D:5      | Gained mutation: You cannot study or cast Hexes magic. [Ru
                  | sacrifice]
  4700 | D:5      | Gained mutation: You cannot study or cast Conjurations
                  | magic. [Ru sacrifice]
  4700 | D:5      | Reached * piety under Ru
  4705 | D:5      | Noticed Edmund
  4713 | D:5      | Killed Edmund
  4990 | D:6      | Reached XP level 9. HP: 68/68 MP: 9/9
  5162 | D:6      | Found a blossoming altar of Fedhas.
  5567 | D:6      | Found a radiant altar of Vehumet.
  5831 | D:7      | Reached skill level 7 in Shields
  6489 | D:7      | You fall into a shaft and drop 3 floors!
  6489 | D:10     | Entered Level 10 of the Dungeon
  6498 | D:10     | Reached XP level 10. HP: 64/76 MP: 10/10
  6511 | D:10     | Reached skill level 8 in Shields
  6531 | D:10     | Found a staircase to the Lair.
  6593 | D:10     | Noticed a kobold demonologist
  6603 | D:10     | Noticed a rust devil
  6604 | D:10     | Killed a kobold demonologist
  6755 | D:10     | Found a flagged portal.
  6778 | Bailey   | Entered a bailey
  6935 | Bailey   | Reached skill level 9 in Shields
  6939 | Bailey   | Reached skill level 10 in Maces & Flails
  6955 | Bailey   | Noticed Prince Ribbit
  6955 | Bailey   | Noticed a vault guard
  6963 | Bailey   | Killed a vault guard
  6968 | Bailey   | Killed Prince Ribbit
  6969 | Bailey   | Reached XP level 11. HP: 79/83 MP: 11/11
  7003 | Bailey   | Noticed a vault guard
  7023 | Bailey   | Killed a vault guard
  7024 | Bailey   | Reached skill level 10 in Shields
  7432 | D:10     | Found an ancient bone altar of Kikubaaqudgha.
  7683 | D:8      | Identified the +0 leather armour of the Tortured God {rN+
                  | Will+}
  9575 | D:9      | Reached skill level 11 in Shields
  9804 | D:9      | Found a staircase to the Orcish Mines.
  9864 | D:9      | Found Esahas's Armour Shoppe.
 10010 | D:9      | Found a hazy altar of Hepliaklqana.
 10290 | D:10     | Found a bloodstained altar of Trog.
 10707 | D:10     | Found a hide-covered altar of Uskayaw.
 10716 | D:11     | Noticed a centaur warrior
 10724 | D:11     | Killed a centaur warrior
 10725 | D:11     | Reached skill level 10 in Armour
 10725 | D:11     | Reached XP level 12. HP: 87/92 MP: 12/12
 10762 | D:11     | Found Cyrr's Weapon Emporium.
 10847 | D:11     | Noticed a boulder beetle
 10898 | D:11     | Killed a boulder beetle
 11148 | D:11     | Reached skill level 12 in Shields
 11150 | D:11     | Noticed a two-headed ogre
 11163 | D:11     | Killed a two-headed ogre
 11763 | D:11     | Noticed a two-headed ogre
 11767 | D:11     | Noticed a two-headed ogre
 11768 | D:11     | Noticed a two-headed ogre
 11771 | D:11     | Killed a two-headed ogre
 11781 | D:11     | Killed a two-headed ogre
 11782 | D:11     | Killed a two-headed ogre
 12064 | D:11     | Noticed a two-headed ogre
 12064 | D:11     | Noticed a two-headed ogre
 12066 | D:11     | Noticed an ogre mage
 12066 | D:11     | Noticed a two-headed ogre
 12076 | D:11     | Killed a two-headed ogre
 12077 | D:11     | Reached skill level 13 in Shields
 12081 | D:11     | Killed a two-headed ogre
 12087 | D:11     | Killed a two-headed ogre
 12093 | D:11     | Killed an ogre mage
 12096 | D:11     | Reached XP level 13. HP: 25/101 MP: 13/13
 12413 | D:11     | Identified the ring of Yrchaduq {rPois rC+}
 12662 | Lair:1   | Entered Level 1 of the Lair of Beasts
 12736 | Lair:1   | Gained mutation: You are hated by all. [Ru sacrifice]
 12736 | Lair:1   | Reached ** piety under Ru
 12736 | Lair:1   | Reached *** piety under Ru
 12778 | Lair:1   | Found a gate leading to a gauntlet.
 12790 | Gauntlet | Entered a Gauntlet
 12790 | Gauntlet | Found a transporter.
 12797 | Gauntlet | Found a transporter.
 12799 | Gauntlet | Found a transporter.
 12810 | Gauntlet | Found a transporter.
 12813 | Gauntlet | Found a transporter.
 12820 | Gauntlet | Found a runed translucent door.
 12823 | Gauntlet | Found a transporter.
 12837 | Gauntlet | Found a transporter.
 12848 | Gauntlet | Found a transporter.
 12855 | Gauntlet | Noticed a hell beast
 12860 | Gauntlet | Found a transporter.
 12865 | Gauntlet | Found a transporter.
 12893 | Gauntlet | Found a transporter.
 12894 | Gauntlet | Found a transporter.
 12946 | Gauntlet | Found a transporter.
 12946 | Gauntlet | Found a transporter.
 13558 | Gauntlet | Identified the +6 flail of Linearity {protect, rElec rPois
                  | rF+ rN+++}
 13558 | Gauntlet | Noticed a minotaur
 13573 | Gauntlet | Killed a minotaur
 13692 | Lair:1   | Found a transporter.
 13700 | Lair:1   | Found a transporter.
 13750 | Lair:1   | Noticed Jukk's ghost (journeyman DECj)
 14030 | Lair:1   | Noticed a four-headed hydra
 14039 | Lair:1   | Killed a four-headed hydra
 14040 | Lair:1   | Reached skill level 14 in Shields
 14830 | Lair:2   | Reached skill level 10 in Fighting
 14961 | Lair:2   | You fall into a shaft and drop 1 floor!
 15152 | Lair:2   | Found a staircase to the Snake Pit.
 15764 | Lair:2   | Gained mutation: You are somewhat inexperienced. (-2 XL)
                  | [Ru sacrifice]
 15764 | Lair:2   | Reached XP level 12. HP: 60/97 MP: 12/12
 15764 | Lair:2   | Reached XP level 11. HP: 60/91 MP: 11/11
 15764 | Lair:2   | Reached **** piety under Ru
 15764 | Lair:2   | Reached ***** piety under Ru
 16177 | Lair:3   | Noticed a catoblepas
 16197 | Lair:3   | Killed a catoblepas
 16249 | Lair:3   | Reached XP level 12. HP: 97/97 MP: 12/12
 16398 | Lair:3   | Noticed Gastronok
 16411 | Lair:3   | Reached skill level 15 in Shields
 16426 | Lair:3   | Killed Gastronok
 16437 | Lair:3   | Noticed Rupert
 16449 | Lair:3   | Killed Rupert
 17698 | Lair:4   | Reached skill level 16 in Shields
 17951 | Lair:4   | Found a staircase to the Shoals.
 19261 | Lair:5   | Found a glowing golden altar of the Shining One.
 19598 | Lair:6   | Entered Level 6 of the Lair of Beasts
 19803 | Lair:6   | Reached XP level 13. HP: 65/106 MP: 13/13
 20241 | Lair:6   | Reached skill level 17 in Shields
 20626 | Lair:6   | Reached skill level 15 in Maces & Flails
 21068 | Lair:6   | Found a staircase to the Slime Pits.
 21854 | Lair:6   | Reached skill level 18 in Shields
 21964 | Lair:6   | Found a corrupted altar of Lugonu.
 21964 | Lair:6   | Found a one-way gate to the infinite horrors of the Abyss.
 22115 | Lair:6   | Identified the +3 scale mail "Tacaussa" {Contam Regen+
                  | Int+2 Dex+8}
 22651 | Orc:1    | Entered Level 1 of the Orcish Mines
 22676 | Orc:1    | Found a dark tunnel.
 22686 | Volcano  | Entered a volcano
 23698 | Orc:2    | Entered Level 2 of the Orcish Mines
 24333 | Orc:2    | Reached XP level 14. HP: 101/118 MP: 14/14
 24350 | Orc:2    | Found a shimmering blue altar of Sif Muna.
 24375 | Orc:1    | Noticed Sonja
 24384 | Orc:1    | Killed Sonja
 24468 | Orc:2    | Found a staircase to the Elven Halls.
 24509 | Orc:2    | Gained mutation: You are sensitive to extremes of
                  | temperature. (rF-, rC-) [Ru sacrifice]
 24509 | Orc:2    | Reached ****** piety under Ru
 24935 | Orc:2    | Found Bexka's Magic Scroll Shop.
 24935 | Orc:2    | Found Enaut's Assorted Antiques.
 25052 | Orc:2    | Found Oheck's Book Boutique.
 25054 | Orc:2    | Found Puem's Book Shoppe.
 25117 | Orc:2    | Bought a scroll of enchant weapon for 232 gold pieces
 25241 | Orc:2    | Bought a scroll of brand weapon for 280 gold pieces
 26287 | D:12     | Noticed Jorgrun
 26296 | D:12     | Killed Jorgrun
 26297 | D:12     | Reached skill level 19 in Shields
 26346 | D:12     | Identified the amulet of the Hippo {RegenMP rElec}
 26821 | D:13     | Noticed Kirke
 26837 | D:13     | Killed Kirke
 27308 | D:13     | Found a gate to the Vaults.
 27831 | D:13     | Identified the +5 plate armour "Supiodo" {Drain rPois rCorr
                  | Slay+4}
 27904 | D:14     | Noticed Agnes
 27913 | D:14     | Killed Agnes
 29037 | D:15     | Entered Level 15 of the Dungeon
 29037 | D:15     | Found a portal to a secret trove of treasure.
 29072 | D:15     | HP: 5/119 [two-headed ogre/+0 dire flail (6)]
 29441 | D:15     | Identified the +0 plate armour of the Stone Wall {Harm rN+
                  | Regen+}
 29442 | D:15     | Found a runed translucent gate.
 29443 | D:15     | Found a runed translucent gate.
 29444 | D:15     | Found a runed translucent gate.
 29444 | D:15     | Noticed Opripao's ghost (journeyman MiFi)
 29447 | D:15     | Identified the +9 morningstar "Fobriblieju" {vorpal, *Noise
                  | rN+ rCorr Dex+2}
 29814 | D:15     | Reached XP level 15. HP: 125/125 MP: 15/15
 30340 | D:15     | Found a staircase to the Depths.
 30667 | D:15     | Identified the ring of Impatience {rF+ rCorr EV+4 Int-4}
 30672 | D:15     | Found the +2 cloak of the Thief {*Fog Slay-2 SInv Stlth+}
 30701 | D:15     | Killed Opripao's ghost
 31123 | Shoals:1 | Entered Level 1 of the Shoals
 31214 | Snake:1  | Entered Level 1 of the Snake Pit
 31328 | Snake:1  | Reached skill level 20 in Shields
 31749 | Snake:1  | Found a bloodstained altar of Trog.
 32466 | Snake:2  | Noticed Aizul
 32479 | Snake:2  | Killed Aizul
 33638 | Snake:2  | Reached skill level 15 in Armour
 33639 | Snake:2  | Reached XP level 16. HP: 64/124 MP: 7/16
 35094 | Snake:3  | Found Deepn's Firing Range.
 35102 | Snake:3  | Reached skill level 15 in Fighting
 35120 | Snake:3  | HP: 6/130 [mana viper (10)]
 35144 | Snake:2  | Reached skill level 21 in Shields
 35901 | Snake:3  | Noticed Saint Roka
 35924 | Snake:3  | Killed Saint Roka
 37251 | Snake:4  | Entered Level 4 of the Snake Pit
 37847 | Snake:4  | Reached skill level 22 in Shields
 38538 | Snake:4  | Reached XP level 17. HP: 101/143 MP: 6/17
 39668 | Snake:4  | Got a serpentine rune of Zot
 40355 | Shoals:1 | Noticed Roxanne
 40378 | Shoals:1 | Killed Roxanne
 41078 | Shoals:2 | Found Nuleikh's Antique Weapon Boutique.
 42284 | Shoals:2 | Reached skill level 23 in Shields
 43995 | Shoals:3 | Found the +0 pair of fencer's gloves {Riposte Dex+3}
 44382 | Shoals:4 | Entered Level 4 of the Shoals
 44460 | Shoals:4 | Found Vedour's Armour Shop.
 44528 | Shoals:4 | Noticed Ilsuiw
 44552 | Shoals:4 | Killed Ilsuiw
 44553 | Shoals:4 | Reached XP level 18. HP: 45/143 MP: 18/18
 44624 | Shoals:4 | Found a frozen archway.
 44629 | Shoals:4 | HP: 3/141 [ice statue/bolt of cold (8)]
 44634 | IceCv    | Entered an ice cave
 45798 | IceCv    | Found an ancient bone altar of Kikubaaqudgha.
 45920 | IceCv    | Identified the ring "Cekliati" {rC+ rCorr}
 45995 | IceCv    | Reached skill level 24 in Shields
 46207 | IceCv    | Got Sif Muna's Volume of the Glacier and Black Arts
 47364 | Shoals:4 | Found the +18 Lear's hauberk
 47534 | Shoals:4 | Got a barnacled rune of Zot
 48302 | Vaults:1 | Entered Level 1 of the Vaults
 49572 | Vaults:1 | Found a transporter.
 49583 | Vaults:1 | Found a transporter.
 49809 | Vaults:1 | Found a runed translucent gate.
 49809 | Vaults:1 | Found a runed translucent gate.
 49809 | Vaults:1 | Found a runed translucent gate.
 49812 | Vaults:1 | Noticed dolemite99's ghost (adept HOFi)
 50448 | Vaults:1 | Reached XP level 19. HP: 117/127 MP: 10/19
 50477 | Vaults:1 | Killed dolemite99's ghost
 50486 | Vaults:1 | Reached skill level 25 in Shields
 50779 | Vaults:1 | Identified the +3 pair of boots of Brilliance {rCorr}
 50994 | Vaults:1 | Got the Disquisition on Stones and Poison
 52160 | Vaults:2 | Noticed Xtahua
 52175 | Vaults:2 | Killed Xtahua
 53453 | Depths:1 | Entered Level 1 of the Depths
 54636 | Depths:1 | Found a gateway to Hell.
 54681 | Depths:1 | Found a white marble altar of Elyvilon.
 54833 | Depths:1 | Found a one-way gate leading to the halls of Pandemonium.
 55212 | Elf:1    | Entered Level 1 of the Elven Halls
 55527 | Elf:1    | Reached XP level 20. HP: 152/172 MP: 20/20
 56132 | Elf:1    | Reached skill level 26 in Shields
 57042 | Elf:2    | Found a runed translucent gate.
 57042 | Elf:2    | Found a runed translucent gate.
 57042 | Elf:2    | Found a runed translucent gate.
 57847 | Elf:3    | Entered Level 3 of the Elven Halls
 58980 | Elf:3    | Identified the +7 dagger of Sharp Defiance {spect, Fly}
 58997 | Elf:3    | Reached XP level 21. HP: 108/169 MP: 21/21
 59169 | Elf:3    | Found the +6 arbalest "Damnation" {damnation}
 59194 | Elf:3    | Identified the +0 chain mail of the Thistle {rPois}
 59229 | Elf:3    | Identified the +2 scale mail "Obbiz" {rF+ Will+ Int-3
                  | Dex+6}
 60158 | Vaults:3 | Reached skill level 27 in Shields
 60760 | Vaults:3 | Found a staircase to the Crypt.
 62007 | Vaults:3 | Identified the ring of Surprise {rN+ Will+ MP+9}
 62810 | Vaults:3 | Reached XP level 22. HP: 169/181 MP: 22/22
 64543 | Vaults:4 | Found a runed translucent door.
 64545 | Vaults:4 | Noticed Bailed's ghost (veteran MiMo)
 65888 | Lair:1   | Killed Jukk's ghost
 66325 | Vaults:4 | Identified the +9 broad axe of the Dwarven Hall {venom,
                  | Will++ Str+3 Int+4}
 66393 | Crypt:1  | Entered Level 1 of the Crypt
 67925 | Crypt:2  | Noticed Frederick
 67936 | Crypt:2  | Killed Frederick
 68826 | Crypt:3  | Entered Level 3 of the Crypt
 68917 | Crypt:3  | Reached XP level 23. HP: 196/204 MP: 23/23
 69261 | Crypt:3  | HP: 1/196 [vampire knight/+3 glaive of freezing (10)]
 69692 | Crypt:3  | Found a staircase to the Tomb.
 69936 | Crypt:3  | Found an ancient bone altar of Kikubaaqudgha.
 70029 | Crypt:3  | Got Equarhyj's Volume of Scorching Necromancy
 70055 | Crypt:3  | Identified the +7 flail of Departure {holy, rN++}
 70591 | Depths:2 | Noticed a juggernaut
 70594 | Depths:2 | Banished a juggernaut
 70595 | Depths:2 | Reached skill level 1 in Polearms
 70821 | Depths:2 | Noticed Mara
 70840 | Depths:2 | Noticed HendSelp's illusion
 70848 | Depths:2 | Cast into level 4 of the Abyss (HendSelp's illusion)
 71338 | Depths:2 | Escaped the Abyss
 71339 | Depths:2 | Noticed HendSelp's illusion
 71342 | Depths:2 | Killed from afar by Mara (illusionary)

Illustrated notes

Levels and vault maps discovered:
D:1:      wander_arrival_desolate, layout_basic, serial_bayou_crossing
D:2:      layout_rooms, ebering_ecumenical_altar_box
D:3:      layout_basic, lemuel_tele_altar, overflow_temple_1_default
D:4:      layout_rooms, okawaru_ov_weapons_minmay,
          minmay_temple_entry_proselytizer, serial_corexii_hall,
          corexii_hall_statues_t, corexii_hall_statues_s,
          chequers_hall_statues_wall_a, serial_shops, shop, uniq_ijyb
D:5:      kennysheep_six_static_rooms, layout_loops_cross,
          nicolae_qazlal_style_of_elements, uniq_edmund
D:6:      layout_basic, old_standard_altar, vehumet_statue
D:7:      layout_basic, fountainhead
D:8:      layout_basic, grunt_ministairs_15
D:9:      layout_cave_pools, nzn_hepliaklqana_mist_gate, erik_orc_4,
          serial_shops, nicolae_shop_temple_entry_statues_fountains,
          chequers_serial_rivers_room_a, hangedman_abyss_or_decor_passed,
          kennysheep_cross_bottleneck
D:10:     layout_basic, nicolae_uskayaw_suspiria, mainiacjoe_overflow_chevrons,
          kennysheep_mini_moat, lair_entry_dummy, enter_bailey_2
D:11:     lemuel_ogre_cave, layout_cave_pools, serial_shops,
          nicolae_shop_statue_plus, nrook_loot_triangle, minmay_fire_ice_demons
D:12:     layout_long_grid, uniq_jorgrun
D:13:     layout_gridville, ximxim_vaults_locker_room, uniq_kirke
D:14:     layout_basic, uniq_agnes
D:15:     grunt_enter_depths_magical_seal, layout_basic,
          nicolae_trove_entry_isolated, biasface_ghost_orc_armoury
Temple:   hc_temple_tempest_star
Lair:1:   layout_roguey, gauntlet_entry_generic, gammafunk_ghost_abyssal_escape
Lair:2:   layout_cellular_growth, minmay_snake_entry_guardpost_small,
          wad_woods_river_01
Lair:3:   layout_small_grid, grunt_megastairs_5, uniq_rupert, uniq_gastronok
Lair:4:   layout_cave_pods, elwin_shoals_entry_rooms, minivault_11,
          chequers_serial_rivers_micro_a, serial_bayou_shore_b
Lair:5:   layout_small_grid, basic_altar, nicolae_quartered_pool_medium
Lair:6:   hellmonk_lair_end_abyssal_woods, layout_regular_city, slime_altar_1,
          grunt_megastairs_1
Shoals:1: layout_shoals, uniq_roxanne
Shoals:2: layout_shoals, nicolae_stop_n_shop_2
Shoals:3: layout_shoals, nicolae_shoals_secluded_bog
Shoals:4: shoals_end_hangedman, layout_shoals, shoal_ilsuiw, serial_shops,
          shop_fountains, portal_ice_cave_entry_ice_statue_one,
          nicolae_shoals_mertower
Snake:1:  layout_grid_maze, basic_altar
Snake:2:  nicolae_cobra_stairs, layout_honeycomb, uniq_aizul
Snake:3:  cheibrodos_forgotten_conduit, layout_onion_interference,
          nicolae_shop_firing_range, lemuel_fruit_tree, uniq_saint_roka
Snake:4:  snake_pit, layout_onion, nicolae_snake_guarding_the_ruins
Orc:1:    layout_diamond_mine, enter_volcano_1, mines2_david, uniq_sonja
Orc:2:    st_orc_rangers, layout_diamond_mine, kennysheep_orc_sif_temple
Elf:1:    layout_loops_corners, minmay_elf_annihilation
Elf:2:    elven_hall_of_blades_hangedman_original
          [nicolae_blade_entry_floor_patterns], layout_geoelf_octagon
Elf:3:    minmay_elf_hall_four_x, layout_geoelf_octagon
Vaults:1: gammafunk_ghost_tricky_traps, v_misc_22, nicolae_vaults_alarming,
          ontoclasm_vaults_gateway, gammafunk_sealed_arena, v_misc_15,
          v_rooms_4, dpeg_vaults_monster_box,
          vaults_standard_mumra_enter_the_diamond, vaults_dpeg_encased_lava,
          v_misc_1, layout_vaults_omnicross
Vaults:2: nicolae_vaults_rhombus_7, vaults_standard_mumra_lines,
          nicolae_vaults_an_arrangement, ontoclasm_vaults_spin,
          ontoclasm_vaults_shuriken, nicolae_vaults_theta, v_misc_28,
          layout_vaults_quadrants, uniq_xtahua
Vaults:3: grunt_vaults_swirl, hangedman_vaults_restitches,
          vaults_standard_mumra_x, nicolae_vaults_hallways_thing, v_misc_30,
          vaults_mumra_minichess_inversion, minmay_crypt_entry_vampire_xt,
          st_greater_box_3, vaults_room_door_hall,
          ontoclasm_vaults_loading_screen, layout_vaults_maze
Vaults:4: hellmonk_ghost_big_iron, nicolae_vaults_little_squares_5,
          nicolae_vaults_network_quincunx
          [nicolae_vaults_network_quincunx_subvault,
          nicolae_vaults_network_quincunx_subvault,
          nicolae_vaults_network_quincunx_subvault,
          nicolae_vaults_network_quincunx_subvault,
          nicolae_vaults_network_quincunx_subvault], v_misc_13,
          hangedman_vaults_slice, nicolae_vaults_back_hallway, v_misc_26,
          grunt_vaults_twisty, nicolae_vaults_sealed_display, v_alt_pattern_3,
          ontoclasm_vaults_loading_screen, dpeg_vaults_monster_row,
          nicolae_vaults_theta, layout_vaults_omnibox
Crypt:1:  layout_basic, minivault_24, grunt_ministairs_13, st_stairs_1
Crypt:2:  layout_regular_city, nicolae_elevator_lobby_asterisk, uniq_frederick
Crypt:3:  lightli_unholy_cathedral, layout_chaotic_city,
          nicolae_tomb_entry_unfolded_pyramid_diagonal
Depths:1: layout_basic, nicolae_cairo_tiling_large_dashed, hell_entry,
          grunt_pan_entry_spiral, elyvilon_altar_4
Depths:2: minmay_textured_paths, layout_basic, hell_entry,
          minmay_room_of_horrors, rand_demon_pan_entry_9, ebering_ghost_xom,
          uniq_mara

Skill      XL: |  1  2  3  4  5  6  7  8  9 10 11 12 13 14 15 16 17 18 19 20 21 22 23 |
---------------+----------------------------------------------------------------------+-----
Shields        | 4 5 6 7 9 11 16 18 19 20 22 23 24 25 26 27 | 27.0
Maces & Flails | 3 4 5 7 8 10 11 12 15 16 17 18 19 20 21 22 23 | 23.3
Armour         | 4 5 6 8 9 12 13 14 15 16 17 18 19 20 | 20.0
Fighting       | 4 5 6 8 11 13 14 15 16 17 18 19 20 22 23 | 23.1
Polearms       | 2 |  2.4

Action                   |  1- 3 |  4- 6 |  7- 9 | 10-12 | 13-15 | 16-18 | 19-21 | 22-24 || total
-------------------------+-------+-------+-------+-------+-------+-------+-------+-------++-------
Melee: Flail             |    84 |   125 |    21 |   487 |  1145 |       |       |       ||  1862
       Mace              |       |       |   138 |   459 |    79 |       |       |       ||   676
       Morningstar       |       |       |     9 |       |   210 |  1617 |   328 |       ||  2164
       Great mace        |       |       |       |       |   335 |       |  1006 |   696 ||  2037
       Unarmed           |       |       |       |       |     6 |       |       |       ||     6
       Demon trident     |       |       |       |       |       |       |       |   235 ||   235
Throw: Throwing net      |       |       |       |       |     1 |       |       |       ||     1
Invok: Sacrifice Arcana  |       |       |     1 |       |       |       |       |       ||     1
       Reject Sacrifices |       |       |       |     2 |       |       |       |       ||     2
       Sacrifice Experie |       |       |       |     1 |       |       |       |       ||     1
       Apocalypse        |       |       |       |     1 |     7 |    12 |     7 |     2 ||    29
       Draw Out Power    |       |       |       |     1 |     3 |    10 |     2 |     5 ||    21
       Sacrifice Love    |       |       |       |       |     1 |       |       |       ||     1
       Sacrifice Resista |       |       |       |       |     1 |       |       |       ||     1
       Power Leap        |       |       |       |       |       |       |     1 |       ||     1
 Abil: Dig               |       |       |       |       |     1 |       |       |       ||     1
Evoke: Wand              |       |       |     2 |     2 |     3 |     1 |       |     1 ||     9
  Use: Scroll            |     4 |     5 |     7 |     9 |    22 |     8 |    12 |     1 ||    68
       Potion            |       |     3 |     2 |     7 |     8 |    14 |     8 |     4 ||    46
 Stab: Paralysed         |       |       |       |     9 |    16 |    16 |     4 |     3 ||    48
       Distracted        |       |       |       |     3 |     9 |    13 |     6 |     6 ||    37
       Invisible         |       |       |       |     7 |     9 |     8 |    10 |     4 ||    38
Armor: Scale mail        |     3 |       |       |       |       |       |       |       ||     3
       Chain mail        |    59 |    73 |    79 |    46 |       |       |       |       ||   257
       Plate armour      |       |       |       |   133 |    21 |       |       |       ||   154
       Crystal plate arm |       |       |       |   210 |   657 |   427 |   340 |   300 ||  1934
Dodge: Dodged            |    48 |    43 |    36 |   151 |   232 |   226 |   188 |    74 ||   998
Block: Buckler           |    22 |       |       |       |       |       |       |       ||    22
       Kite shield       |       |    63 |   117 |   766 |  1090 |       |       |       ||  2036
       Reflection        |       |       |     6 |    22 |    89 |   127 |    71 |    16 ||   331
       Tower shield      |       |       |       |       |   394 |  1656 |  1236 |   913 ||  4199
       Rpst.: Morningstar |       |       |       |       |       |    16 |    10 |       ||    26
       Great mace        |       |       |       |       |       |       |    15 |     6 ||    21
       Demon trident     |       |       |       |       |       |       |       |     4 ||     4

Table legend: (Time is in decaauts)
 A = Elapsed time spent in this place.
 B = Non-inter-level travel time spent in this place.
 C = Inter-level travel time spent in this place.
 D = Time resting spent in this place.
 E = Time spent auto-exploring this place.
 F = Levels seen in this place.
 G = Mean time per level.
                   A        B        C        D        E       F      G
               +--------+--------+--------+--------+--------+-----+--------+
         Total |  70553 |  64982 |   5571 |   9294 |  43215 |  49 | 1439.9 |
       Dungeon |  18444 |  16718 |   1726 |   1674 |  12325 |  15 | 1229.6 |
        Temple |    223 |    184 |     39 |      0 |    148 |   1 |  223.0 |
          Lair |   9540 |   8288 |   1252 |      0 |   6456 |   6 | 1590.0 |
        Shoals |   6561 |   6291 |    270 |    863 |   4067 |   4 | 1640.2 |
     Snake Pit |   8533 |   8026 |    507 |   2766 |   3968 |   4 | 2133.2 |
  Orcish Mines |   2172 |   1915 |    257 |    480 |    962 |   2 | 1086.0 |
   Elven Halls |   4552 |   4089 |    463 |    426 |   2930 |   3 | 1517.3 |
        Vaults |  10560 |   9687 |    873 |   2240 |   5987 |   4 | 2640.0 |
         Crypt |   3646 |   3544 |    102 |      0 |   2907 |   3 | 1215.3 |
        Depths |   2012 |   1934 |     78 |      0 |   1562 |   2 | 1006.0 |
         Abyss |    516 |    516 |      0 |      3 |    259 |   1 |  516.0 |
        Bailey |    633 |    633 |      0 |      0 |    474 |   1 |  633.0 |
      Ice Cave |   1631 |   1631 |      0 |    613 |    609 |   1 | 1631.0 |
       Volcano |    649 |    649 |      0 |    229 |     14 |   1 |  649.0 |
      Gauntlet |    875 |    875 |      0 |      0 |    544 |   1 |  875.0 |
               +--------+--------+--------+--------+--------+-----+--------+

Top non-repeatable levels by time:
Vaults:3: 3286 daAuts
Vaults:1: 2942 daAuts
 Snake:3: 2539 daAuts
  Lair:6: 2473 daAuts
Vaults:2: 2428 daAuts
 Snake:2: 2226 daAuts
 Snake:1: 2088 daAuts
    D:11: 2068 daAuts
Shoals:4: 2029 daAuts
    D:15: 1985 daAuts
   Elf:3: 1923 daAuts
Vaults:4: 1903 daAuts
  Lair:2: 1857 daAuts
Shoals:1: 1761 daAuts
  Lair:4: 1727 daAuts
